 Dungeon Crawl Stone Soup version 0.30-a0-12-gd8047c6341 (webtiles) character file.

Game seed: 13115704444455150456

98 Iusername the Trooper (level 5, -2/42 HPs)
             Began as a Human Fighter on Aug 23, 2022.
             Splashed by a jelly's acid (3 damage)
             ... on level 3 of the Dungeon.
             The game lasted 00:02:57 (2834 turns).

Iusername the Trooper (Human Fighter)               Turns: 2834, Time: 00:02:57

Health: -2/42      AC:  2    Str: 19    XL:     5   Next: 0%
Magic:  5/5        EV:  9    Int:  8    God:
Gold:   125        SH:  4    Dex: 12    Spells: 4/4 levels left

rFire   . . .      SeeInvis .    a - +0 trident
rCold   . . .      Faith    .    c - +0 buckler
rNeg    . . .      Spirit   .    b - +0 scale mail
rPois   .          Reflect  .    (no helmet)
rElec   .          Harm     .    (no cloak)
rCorr   .          Rampage  .    (no gloves)
Will    .....                    (no boots)
Stlth   ..........               (no amulet)
HPRegen 0.14/turn                (no ring)
MPRegen 0.09/turn                (no ring)

@: corroded
A: no striking features
a: no special abilities


You were on level 3 of the Dungeon.
You visited 1 branch of the dungeon, and saw 3 of its levels.

You collected 125 gold pieces.

Inventory:

Hand Weapons
 a - a +0 trident (weapon)
Armour
 b - a +0 scale mail (worn)
 c - a +0 buckler (worn)
Jewellery
 l - a ring of protection from fire
Scrolls
 e - 2 scrolls of teleportation {unknown}
 f - 2 scrolls of magic mapping {unknown}
 g - a scroll of immolation
 h - a scroll of enchant armour {unknown}
 m - 2 scrolls of identify {unknown}
 o - a scroll of enchant weapon {unknown}
 q - a scroll of fog {unknown}
 s - a scroll of amnesia {unknown}
 t - a scroll of fear {unknown}
 u - a scroll of poison {unknown}
Potions
 d - a potion of might
 i - a potion of resistance {unknown}
 j - 3 potions of curing {unknown}
 k - a potion of haste {unknown}
 n - 3 potions of brilliance {unknown}
 p - a potion of magic {unknown}
 r - 2 potions of berserk rage {unknown}
 v - a potion of attraction {unknown}


   Skills:
 + Level 3.8 Fighting
 + Level 3.2 Polearms
 + Level 3.5 Armour
 + Level 0.5 Dodging
 + Level 3.2 Shields


You had 4 spell levels left.
You didn't know any spells.
Your spell library was empty.

Dungeon Overview and Level Annotations

Branches:
Dungeon (3/15)

Altars:
Fedhas


Message History

The hound barely misses you.
There are monsters nearby!
There are monsters nearby!
There are monsters nearby!
There are monsters nearby!
You hit the hound.
The hound is moderately wounded.
The hound bites you but does no damage. x2
There are monsters nearby!
You barely miss the hound.
The hound is moderately wounded.
The hound bites you but does no damage.
You hit the hound.
The hound is severely wounded.
The hound misses you. You block the hound's attack.
You barely miss the hound.
The hound is severely wounded.
The hound bites you but does no damage. The hound barely misses you.
You puncture the hound!
You kill the hound!
Your Polearms skill increases to level 3!
You have reached level 5!
You puncture the jelly!
Your hands burn!
The jelly is moderately wounded.
The jelly hits you. The acid corrodes you!
You are splashed with acid!
You hit the jelly.
Your hands burn!
The jelly is heavily wounded.
The jelly hits you but does no damage.
You puncture the jelly!
Your hands burn!
The jelly is almost dead.
The jelly closely misses you.
You hit the jelly but do no damage.
Your hands burn!
* * * LOW HITPOINT WARNING * * *
The jelly is almost dead.
The jelly hits you.
* * * LOW HITPOINT WARNING * * *
You are splashed with acid.
* * * LOW HITPOINT WARNING * * *
You hit the jelly but do no damage.
Your hands burn!
You die...

#......###........
'.....†'..........
#......##.########
########..# # ######.##
# #......# # ###.##...#
.####
'.>......#########......
###..........#..@J......
# #.#....###.#.###.!....
#.#...## #.#.# .....
#.###..# #.#.# #### #.#
##.# #.#.# #.# #.###.#.#
#.# #.[##.#.#
###.#####..#.#.#
...[..#......#.# ..


You could see a jelly.

Vanquished Creatures
  A hound (D:3)
  An adder (D:2)
  A dart slug (D:1)
  4 bats
  4 endoplasms
  5 giant cockroaches
  5 goblins
  4 hobgoblins (D:2)
  4 kobolds
  3 quokkas
  7 ball pythons
  7 frilled lizards
  6 rats
52 creatures vanquished.

Notes
Turn   | Place    | Note
-------+----------+-------------------------------------------
     0 | D:1      | Iusername the Human Fighter began the quest for the Orb.
     0 | D:1      | Reached XP level 1. HP: 18/18 MP: 1/1
    64 | D:1      | Reached XP level 2. HP: 14/24 MP: 2/2
   504 | D:1      | Found a faded altar of an unknown god.
   890 | D:1      | Reached XP level 3. HP: 13/29 MP: 3/3
  1888 | D:2      | Reached XP level 4. HP: 20/36 MP: 4/4
  2632 | D:3      | Found a blossoming altar of Fedhas.
  2830 | D:3      | Reached XP level 5. HP: 31/42 MP: 5/5
  2833 | D:3      | HP: 1/42 [acid (5)]
  2834 | D:3      | Splashed by a jelly's acid

Illustrated notes

Levels and vault maps discovered:
D:1:      lemuel_arrival_room, layout_basic, hellmonk_ecumenical_altar_blasted
D:2:      layout_loops_corners, minmay_bisected
D:3:      layout_basic, mainiacjoe_overflow_surrounded_room

Skill      XL: |  1  2  3  4 |
---------------+-------------+-----
Polearms       | 3 |  3.2
Fighting       | |  3.8
Armour         | |  3.5
Dodging        | |  0.5
Shields        | |  3.2

Action                   |  1- 3 |  4- 6 || total
-------------------------+-------+-------++-------
Melee: Trident           |   121 |    46 ||   167
Armor: Scale mail        |    48 |    21 ||    69
Dodge: Dodged            |    42 |    14 ||    56
Block: Buckler           |    22 |     9 ||    31

Table legend: (Time is in decaauts)
 A = Elapsed time spent in this place.
 B = Non-inter-level travel time spent in this place.
 C = Inter-level travel time spent in this place.
 D = Time resting spent in this place.
 E = Time spent auto-exploring this place.
 F = Levels seen in this place.
 G = Mean time per level.
                   A        B        C        D        E       F      G
               +--------+--------+--------+--------+--------+-----+--------+
         Total |   2869 |   2750 |    119 |    596 |   1766 |   3 |  956.3 |
       Dungeon |   2869 |   2750 |    119 |    596 |   1766 |   3 |  956.3 |
               +--------+--------+--------+--------+--------+-----+--------+

Top non-repeatable levels by time:
     D:1: 1414 daAuts
     D:2: 1239 daAuts
     D:3: 215 daAuts
